 Dungeon Crawl Stone Soup version 0.31-a0-237-g2d982f9f85 (webtiles) character file.

Game seed: 11937658726780390721

107 qw the Shooter (level 4, -4/36 HPs)
             Began as a Minotaur Hexslinger on July 11, 2023.
             Slain by a gnoll
             ... wielding a +0 halberd
              (9 damage)
             ... on level 3 of the Dungeon.
             The game lasted 00:00:43 (2344 turns).

qw the Shooter (Minotaur Hexslinger)                Turns: 2344, Time: 00:00:44

Health: -4/36      AC:  5    Str: 12    XL:     4   Next: 57%
Magic:  4/4        EV: 11    Int: 10    God:
Gold:   17         SH:  0    Dex: 15    Spells: 4/5 levels left

rFire   . . .        Y - +2 sling
rCold   . . .        (no shield)
rNeg    . . .        h - +0 ring mail
rPois   .            (helmet restricted)
rElec   .            (no cloak)
rCorr   .            (no gloves)
SInv    .            (no boots)
Will    .....        (no amulet)
Stlth   +            (no ring)
HPRegen 0.26/turn    (no ring)
MPRegen 0.09/turn

%: no passive effects
@: no status effects
A: horns 2, retaliatory headbutt
a: no special abilities


You were on level 3 of the Dungeon.
You visited 1 branch of the dungeon, and saw 3 of its levels.

You collected 47 gold pieces.
You spent 30 gold pieces at shops.


Innate Abilities, Weirdness & Mutations

You have a pair of horns on your head.
You reflexively headbutt those who attack you in melee.


   Skills:
 + Level 2.0 Fighting
 - Level 5.0 Ranged Weapons
 - Level 1.0 Armour
 - Level 2.1 Dodging
 - Level 1.0 Spellcasting
 - Level 2.0 Hexes


You had 4 spell levels left.
You knew the following spells:

 Your Spells              Type           Power      Damage    Failure   Level
a - Slow                  Hex            16%        N/A       34%         1

Your spell library contained the following spells:

 Spells                   Type           Power      Damage    Failure   Level
 Inner Flame              Hex/Fire       2%         N/A       83%         3
 Portal Projectile        Hex/Tloc       4%         N/A       83%         3
 Cause Fear               Hex            2%         N/A       98%         4

Inventory:

Hand Weapons
 Y - a +2 sling (weapon)
Armour
 h - a +0 ring mail (worn)
Scrolls
 b - a scroll of identify
 c - 2 scrolls of fog {unknown}
Potions
 a - a potion of resistance {unknown}
 d - a potion of might {unknown}
 e - 3 potions of curing
 f - a potion of invisibility {unknown}

Dungeon Overview and Level Annotations

Branches:
Dungeon (3/15)

Altars:

Shops:
D:1 (:*=   D:3 !


Message History

You kill the giant cockroach!
A gnoll comes into view. It is wielding a +0 halberd.
You shoot a sling bullet. The gnoll shouts!
The sling bullet hits the bat.
You kill the bat!
You hear a shout!
Your Ranged Weapons skill increases to level 5!
You shoot a sling bullet.
The sling bullet closely misses the gnoll.
A gnoll comes into view. It is wielding a +0 club.
You shoot a sling bullet.
The sling bullet barely misses the gnoll.
You shoot a sling bullet.
The sling bullet barely misses the gnoll.
You shoot a sling bullet. The sling bullet hits the gnoll.
The gnoll is moderately wounded.
The gnoll barely misses you.
You shoot a sling bullet.
The sling bullet hits the gnoll but does no damage.
The gnoll is moderately wounded.
The gnoll barely misses you.
The gnoll hits you from afar with a +0 halberd.
You shoot a sling bullet. The sling bullet hits the gnoll.
The gnoll is moderately wounded.
The gnoll barely misses you. The gnoll misses you.
You shoot a sling bullet. The sling bullet hits the gnoll.
The gnoll is severely wounded.
The gnoll hits you from afar with a +0 halberd!
The gnoll completely misses you.
You shoot a sling bullet. The sling bullet hits the gnoll.
The gnoll is almost dead.
The gnoll misses you. The gnoll hits you with a +0 club.
You shoot a sling bullet.
The sling bullet closely misses the gnoll.
The gnoll hits you from afar with a +0 halberd!
The gnoll closely misses you. You furiously retaliate!
You headbutt the gnoll.
You kill the gnoll!
The gnoll hits you from afar with a +0 halberd!
You die...

#.# #.#. ##+######.#
#.#. #......#..# #.#.
#........## #.##
#.......## #...
#.......########
#...>...........
#####################
#(..@....)...).....##
......)##############.##
......g #########.##
....... #...........
....... #.#######.¤#
....... #.##........
....... #.##.###....
....... #.##.#...¤¤.
#.##%#.#..¤.


You could see a gnoll.

Vanquished Creatures
  3 adders
  3 gnolls (D:3)
  2 worms (D:2)
  2 dart slugs
  An orc (D:3)
  5 ball pythons
  4 bats
  6 endoplasms
  2 giant cockroaches
  5 goblins
  3 hobgoblins
  3 jackals (D:1)
  2 quokkas (D:1)
  2 frilled lizards
  6 kobolds (D:1)
  2 rats (D:1)
  A spectral goblin (D:2)
52 creatures vanquished.

Notes
Turn   | Place    | Note
-------+----------+-------------------------------------------
     0 | D:1      | qw the Minotaur Hexslinger began the quest for the Orb.
     0 | D:1      | Reached XP level 1. HP: 16/16 MP: 1/1
     0 | D:1      | 0 ||| qw: Version: 0.3-a-52-g30416fa
     0 | D:1      | 0 ||| qw: Game counter: 5551
     0 | D:1      | 0 ||| qw: Melee chars always use a shield: true
     0 | D:1      | 0 ||| qw: God list: Okawaru
     0 | D:1      | 0 ||| qw: Allow faded altars: false
     0 | D:1      | 0 ||| qw: Do Orc after clearing Dungeon:15 true
     0 | D:1      | 0 ||| qw: Do second Lair branch before Depths: true
     0 | D:1      | 0 ||| qw: Lair rune preference: random
     0 | D:1      | 0 ||| qw: Goals: Normal
     0 | D:1      | 0 ||| PLANNING D:1-11
   131 | D:1      | Found Ediehaef's Jewellery Boutique.
   136 | D:1      | 136 ||| SHOPLISTING +4 ring of protection (432 gold, have
                  | 11).
   136 | D:1      | 136 ||| SHOPLISTING +6 ring of strength (432 gold, have
                  | 11).
   136 | D:1      | 136 ||| SHOPLISTING amulet of the acrobat (360 gold, have
                  | 11).
   136 | D:1      | 136 ||| SHOPLISTING ring of fire (300 gold, have 11).
   136 | D:1      | 136 ||| SHOPLISTING ring of positive energy (240 gold, have
                  | 11).
   136 | D:1      | 136 ||| SHOPLISTING ring of resist corrosion (240 gold,
                  | have 11).
   138 | D:1      | Found Sakafup's Assorted Antiques.
   145 | D:1      | 145 ||| SHOPLISTING grey potion (22 gold, have 11).
   145 | D:1      | 145 ||| SHOPLISTING leather armour (50 gold, have 11).
   145 | D:1      | 145 ||| SHOPLISTING murky inky potion (22 gold, have 11).
   145 | D:1      | 145 ||| SHOPLISTING scroll labelled ELEMIN QURA (25 gold,
                  | have 11).
   145 | D:1      | 145 ||| SHOPLISTING scroll labelled QUETIH CUET (25 gold,
                  | have 11).
   157 | D:1      | Reached skill level 3 in Ranged Weapons
   157 | D:1      | Reached XP level 2. HP: 23/23 MP: 2/2
   226 | D:1      | 226 ||| FLEEEEING.
   227 | D:1      | 227 ||| FLEEEEING.
   381 | D:1      | Found Xeinko Zigo's Book Boutique.
   543 | D:1      | Reached XP level 3. HP: 29/29 MP: 3/3
   595 | D:1      | Found Qifi's Antique Weapon Shop.
   819 | D:1      | 819 ||| READING scroll labelled WUALLU CENEISI.
   820 | D:1      | 820 ||| READING scroll labelled KUOROEKLUPS.
   821 | D:1      | 821 ||| DRINKING 2 bubbling green potions.
   822 | D:1      | 822 ||| DROPPING scroll of poison.
   917 | D:2      | Reached skill level 4 in Ranged Weapons
   988 | D:2      | 988 ||| FLEEEEING.
  1238 | D:2      | HP: 7/29 [worm (11)]
  1550 | D:2      | Reached XP level 4. HP: 36/36 MP: 4/4
  1738 | D:2      | Found a faded altar of an unknown god.
  1870 | D:2      | 1870 ||| UPGRADING to +0 leather armour.
  1880 | D:2      | 1880 ||| DROPPING +0 robe.
  1881 | D:2      | 1881 ||| UPGRADING to +0 ring mail.
  1891 | D:2      | 1891 ||| DROPPING +0 leather armour.
  1892 | D:2      | 1892 ||| READING scroll labelled ELEMIN QURA.
  1893 | D:2      | 1893 ||| READING scroll labelled XOZARH QOADIB.
  1894 | D:2      | 1894 ||| READING scroll labelled BOMMIOVIONK.
  1895 | D:2      | 1895 ||| READING scroll labelled EZAUNO ETZU.
  1896 | D:2      | 1896 ||| READING scroll labelled OQEROWK VUEK.
  1959 | D:2      | 1959 ||| READING scroll labelled SUONNO APLAD.
  2233 | D:3      | Found Bostylif's Distillery.
  2239 | D:3      | 2239 ||| BUYING potion of curing (30 gold).
  2239 | D:3      | Bought a potion of curing for 30 gold pieces
  2239 | D:3      | 2239 ||| SHOPLISTING potion of enlightenment (50 gold, have
                  | 17).
  2239 | D:3      | 2239 ||| SHOPLISTING potion of heal wounds (50 gold, have
                  | 17).
  2239 | D:3      | 2239 ||| SHOPLISTING potion of might (40 gold, have 17).
  2239 | D:3      | 2239 ||| SHOPLISTING potion of mutation (80 gold, have 17).
  2267 | D:3      | Reached skill level 1 in Armour
  2336 | D:3      | Reached skill level 5 in Ranged Weapons
  2344 | D:3      | HP: 5/36 [gnoll/+0 halberd (14)]
  2344 | D:3      | Slain by a gnoll

Levels and vault maps discovered:
D:1:      giann_forest_graveyard, layout_loops_corners, serial_shops, shop,
          shop, shop, nicolae_shop_hallway_plus
D:2:      layout_loops_corners, dreamdust_ecumenical_altar_drowned_temple
D:3:      layout_basic, serial_shops, nicolae_shop_getting_attention,
          uniq_natasha, uniq_sigmund

Skill      XL: |  1  2  3  4 |
---------------+-------------+-----
Ranged Weapons | 3 4 5 |  5.0
Fighting       | 2 |  2.0
Armour         | 1 |  1.0
Dodging        | |  2.1
Spellcasting   | |  1.0
Hexes          | |  2.0

Action                     |  1- 3 |  4- 6 || total
---------------------------+-------+-------++-------
   Fire: Sling             |   113 |    39 ||   152
    Use: Scroll            |     2 |     6 ||     8
         Potion            |     1 |       ||     1
 Armour: Robe              |     9 |       ||     9
         Ring mail         |       |     1 ||     1
  Dodge: Dodged            |    39 |    12 ||    51

Table legend:
 A = Non-vault XP
 B = Vault XP
 C = Vault XP percentage of total XP
 D = Non-vault monster count
 E = Vault monster count
 F = Vault count percentage of total count
                 A         B        C        D         E       F
            +---------+---------+-------+---------+---------+-------
      Total |     168 |       1 |   0.6 |      51 |       1 |   1.9
            +---------+---------+-------+---------+---------+-------
        D:1 |      50 |       0 |   0.0 |      30 |       0 |   0.0
        D:2 |      56 |       1 |   1.8 |      14 |       1 |   6.7
        D:3 |      62 |       0 |   0.0 |       7 |       0 |   0.0
            +---------+---------+-------+---------+---------+-------
